 Dungeon Crawl Stone Soup version 0.30.1-11-g7821555f0a (webtiles) character file.

Game seed: 13527476808661263376

6 H0rd4k the Charlatan (level 1, -1/13 HPs)
             Began as an Octopode Artificer on Oct 27, 2023.
             Slain by a gnoll
             ... wielding a +0 club
              (4 damage)
             ... on level 1 of the Dungeon.
             The game lasted 00:00:24 (146 turns).

H0rd4k the Charlatan (Octopode Artificer)            Turns: 146, Time: 00:00:25

Health: -1/13      AC:  1    Str: 11    XL:     1   Next: 90%
Magic:  1/1        EV: 13    Int: 13    God:
Gold:   0          SH:  0    Dex: 12    Spells: 0/0 levels left

rFire   . . .        (no weapon)
rCold   . . .        (no shield)
rNeg    . . .        (helmet restricted)
rPois   .            (no amulet)
rElec   .            (no ring)
rCorr   .            (no ring)
SInv    .            (no ring)
Will    .....        (no ring)
Stlth   +++          (no ring)
HPRegen 0.22/turn    (no ring)
MPRegen 0.07/turn    (no ring)
                     (no ring)

%: no passive effects
@: no status effects
A: almost no armour, amphibious, 8 rings, camouflage 1, gelatinous body 1,
(nimble swimmer 1), tentacles
a: no special abilities


You were on level 1 of the Dungeon.
You visited 1 branch of the dungeon, and saw 1 of its levels.

Inventory:

Wands
 b - a wand of flame (15) (quivered)
 c - a wand of charming (13)
 d - a wand of iceblast (5)
Scrolls
 e - a scroll of amnesia {unknown}
Potions
 a - a potion of flight {unknown}


   Skills:
 + Level 1.0 Fighting
 + Level 2.6 Dodging
 - Level 1.3 Stealth
 + Level 3.5 Evocations


You couldn't memorise any spells.
You didn't know any spells.
Your spell library was empty.

Dungeon Overview and Level Annotations

Branches:
Dungeon (1/15)

Altars:


Innate Abilities, Weirdness & Mutations

You cannot wear most types of armour.
You are amphibious.
You can wear up to eight rings at the same time.
Your skin changes colour to match your surroundings (Stealth+).
Your rubbery body absorbs attacks. (AC +1, EV +1)
((You are camouflaged when in or above water. (Stealth+)))
You have tentacles for arms and can constrict up to eight enemies at once.


Message History

You barely miss the rat.
The rat is moderately wounded.
You constrict the rat. The rat bites you.
You tentacle-slap the rat.
You kill the rat!
A frilled lizard comes into view.
You see here a rat corpse.
A frilled lizard is nearby!
The helpless frilled lizard fails to defend itself.
You tentacle-slap the frilled lizard.
You kill the frilled lizard!
No target in view!
No target in view!
Found an escape hatch in the floor.
There is an escape hatch in the floor here.
A gnoll comes into view. It is wielding a +0 club.
Found 12 gold pieces.
A gnoll is nearby!
A gnoll is nearby!
A gnoll is nearby!
A hobgoblin comes into view.
There are monsters nearby!
You closely miss the gnoll. Your grab misses the gnoll.
The hobgoblin shouts!
The gnoll hits you with a +0 club!
Ouch! That really hurt!
You closely miss the gnoll. You grab the gnoll. You constrict the gnoll.
The gnoll hits you with a +0 club.
* * * LOW HITPOINT WARNING * * *
You release your grip on the gnoll.
Aiming: Charm
Press: ? - help, Shift-Dir - straight line, f - gnoll
Aim: a gnoll, wielding a +0 club (lightly wounded, chance to affect: 67%)
The gnoll struggles to resist.
The gnoll closely misses you.
Unknown command.
Aiming: Charm
Press: ? - help, Shift-Dir - straight line, f/p - gnoll
Aim: a gnoll, wielding a +0 club (lightly wounded, chance to affect: 67%)
The gnoll struggles to resist.
The gnoll hits you with a +0 club.
You die...

..##### .......
.. ...#### #.
#.$... #. #...#
#..# #. #...#
..#
#..##.##...#
###..#
#..$.gg@...#
#....#
#####.####.#
#.##.# #. #.#
#.##.# #.
#.###.##.# #.
#..>.....# ..
##.##.#.#######
##
#.##..........
#.####.#######
#.# #.#


You could see a gnoll and a hobgoblin.

Vanquished Creatures
  3 ball pythons (D:1)
  A goblin (D:1)
  A frilled lizard (D:1)
  A rat (D:1)
6 creatures vanquished.

Notes
Turn   | Place    | Note
-------+----------+-------------------------------------------
     0 | D:1      | H0rd4k the Octopode Artificer began the quest for the Orb.
     0 | D:1      | Reached XP level 1. HP: 13/13 MP: 1/1
   146 | D:1      | Slain by a gnoll

Illustrated notes

Levels and vault maps discovered:
D:1:      kennysheep_arrival_seaside, layout_loops_corners,
          minmay_misc_feat_enclosed

Action                     || total
---------------------------++-------
  Melee: Unarmed           ||    17
         Constrict         ||     5
         Tentacles         ||     3
  Evoke: Wand              ||     2
   Stab: Sleeping          ||     1
 Armour: Skin              ||     1
  Dodge: Dodged            ||    13
